NYP
ABERDEEN IRONBIRDS @ STATEN ISLAND YANKEES
08/03/2099
 
TOP OF THE 1ST
Aberdeen Ironbirds batting - Pitching for Staten Island Yankees : RHP Mike Impellizzeri
Pitching: RHP Mike Impellizzeri
Batting: RHB Darius Williams 0-0: Ball
1-0: Ground out 6-3 (Groundball, 6M, EV 87.5 MPH)
Batting: RHB John Larsen 0-0: Foul Ball, location: 2F
0-1: Ball
1-1: Ball
2-1: Ground out 1-3 (Groundball, 13S, EV 65.6 MPH)
Batting: RHB Jimmy Hesch 0-0: Ball
1-0: Fly out, F8 (Flyball, 8RD, EV 77.5 MPH)
Top of the 1st over - 0 runs, 0 hits, 0 errors, 0 left on base; Aberdeen 0 - Staten Island 0
BOTTOM OF THE 1ST
Staten Island Yankees batting - Pitching for Aberdeen Ironbirds : RHP Juan Gonzalez
Pitching: RHP Juan Gonzalez
Batting: RHB Pat Lemley 0-0: Bunt missed!
0-1: Called Strike
0-2: Ground out 4-3 (Groundball, 4, EV 106.9 MPH)
Batting: LHB Joe Green 0-0: Ball
1-0: Called Strike
1-1: Called Strike
1-2: TRIPLE (Groundball, 3L, EV 106.3 MPH)
Batting: LHB Jake Monyak 0-0: Ball
1-0: Swinging Strike
1-1: Foul Ball, location: 23FF
1-2: SINGLE (Line Drive, 34, EV 106.9 MPH)
Joe Green scores
Batting: LHB Mike Peterson 0-0: Fly out, F7 (Flyball, 78S, EV 93.8 MPH)
Batting: RHB C.J. Burkholder 0-0: Ball
1-0: Fly out, F8 (Flyball, 8RD, EV 104.4 MPH)
Bottom of the 1st over - 1 run, 2 hits, 0 errors, 1 left on base; Aberdeen 0 - Staten Island 1
TOP OF THE 2ND
Aberdeen Ironbirds batting - Pitching for Staten Island Yankees : RHP Mike Impellizzeri
Batting: RHB Mike Sexton 0-0: Fly out, F8 (Flyball, 89D, EV 106.9 MPH)
Batting: RHB Jayden Shirley 0-0: Ball
1-0: Called Strike
1-1: Ball
2-1: SINGLE (Groundball, 56D, EV 98.8 MPH)
Batting: SHB Xavier Rios 0-0: Ball
1-0: Grounds into double play, 4-6-3 (Groundball, 34, EV 101.3 MPH)
Top of the 2nd over - 0 runs, 1 hit, 0 errors, 0 left on base; Aberdeen 0 - Staten Island 1
BOTTOM OF THE 2ND
Staten Island Yankees batting - Pitching for Aberdeen Ironbirds : RHP Juan Gonzalez
Batting: RHB Domingo Velarde 0-0: Ball
1-0: Ball
2-0: SINGLE (Groundball, 34D, EV 94.4 MPH)
Batting: RHB Robby Bridger 0-0: Called Strike
0-1: Ball
1-1: SINGLE (Line Drive, 89S, EV 107.5 MPH)
Domingo Velarde to second
Batting: LHB Danny Batten 0-0: Called Strike
0-1: Fielders Choice at 2nd, 4-6 (Groundball, 4, EV 88.1 MPH)
Domingo Velarde to third
Batting: RHB Justin Andrews 0-0: Swinging Strike
0-1: Fly out, F8 (Line Drive, 8LD, EV 87.5 MPH)
Runner from 3rd tags up, SCORES, throw by CF
Batting: RHB Pat Lemley 0-0: Ball
1-0: Foul Ball, location: 2F
1-1: Ball
2-1: Ground out 4-3 (Groundball, 4, EV 103.1 MPH)
Bottom of the 2nd over - 1 run, 2 hits, 0 errors, 1 left on base; Aberdeen 0 - Staten Island 2
TOP OF THE 3RD
Aberdeen Ironbirds batting - Pitching for Staten Island Yankees : RHP Mike Impellizzeri
Batting: RHB Enrique Castaneda 0-0: Ground out 5-3 (Groundball, 5, EV 91.9 MPH)
Batting: SHB Juan Cidral 0-0: Ball
1-0: Ball
2-0: Foul Ball, location: 2F
2-1: Foul Ball, location: 7LDF
2-2: Ball
3-2: Foul Ball, location: 7LDF
3-2: Strikes out swinging
Batting: RHB Rickey Beckon 0-0: Ball
1-0: Ball
2-0: Fly out, F3 (Popup, 3L, EV 65.0 MPH)
Top of the 3rd over - 0 runs, 0 hits, 0 errors, 0 left on base; Aberdeen 0 - Staten Island 2
BOTTOM OF THE 3RD
Staten Island Yankees batting - Pitching for Aberdeen Ironbirds : RHP Juan Gonzalez
Batting: LHB Joe Green 0-0: Ball
1-0: Swinging Strike
1-1: Ball
2-1: Ball
3-1: Foul Ball, location: 9LMFF
3-2: Foul Ball, location: 5F
3-2: SINGLE (Line Drive, 6D, EV 94.4 MPH)
Batting: LHB Jake Monyak 0-0: Fly out, F9 (Flyball, 9LM, EV 88.1 MPH)
Batting: LHB Mike Peterson 0-0: Ball
Joe Green steals 2nd base
1-0: Ball
2-0: Called Strike
2-1: Fly out, F8 (Line Drive, 8RD, EV 94.4 MPH)
Batting: RHB C.J. Burkholder 0-0: Foul Ball, location: 7LMF
0-1: Ground out 6-3 (Groundball, 6, EV 103.8 MPH)
Bottom of the 3rd over - 0 runs, 1 hit, 0 errors, 1 left on base; Aberdeen 0 - Staten Island 2
TOP OF THE 4TH
Aberdeen Ironbirds batting - Pitching for Staten Island Yankees : RHP Mike Impellizzeri
Batting: RHB Darius Williams 0-0: Called Strike
0-1: Foul Ball, location: 5F
0-2: Strikes out swinging
Batting: RHB John Larsen 0-0: Foul Ball, location: 3F
0-1: Foul Ball, location: 9LSF
0-2: Ball
1-2: Strikes out looking
Batting: RHB Jimmy Hesch 0-0: Called Strike
0-1: Called Strike
0-2: Foul Ball, location: 9LDF
0-2: Ground out 3-1 (Groundball, 34S, EV 72.5 MPH)
Top of the 4th over - 0 runs, 0 hits, 0 errors, 0 left on base; Aberdeen 0 - Staten Island 2
BOTTOM OF THE 4TH
Staten Island Yankees batting - Pitching for Aberdeen Ironbirds : RHP Juan Gonzalez
Batting: RHB Domingo Velarde 0-0: Ball
1-0: Called Strike
1-1: Hit by Pitch
Batting: RHB Robby Bridger 0-0: Ball
1-0: Foul Ball, location: 9LMF
1-1: Foul Ball, location: 5FF
1-2: Ball
2-2: Ball
3-2: Base on Balls
Domingo Velarde to second
Batting: LHB Danny Batten 0-0: Ball
1-0: Called Strike
1-1: Swinging Strike
1-2: Ball
2-2: Foul Ball, location: 3F
2-2: Grounds into double play, 5-4-3 (Groundball, 56, EV 90.0 MPH)
Domingo Velarde to third
Batting: RHB Justin Andrews 0-0: DOUBLE (Line Drive, 8RXD, EV 103.8 MPH)
Domingo Velarde scores
Batting: RHB Pat Lemley 0-0: Ball
1-0: Ball
2-0: DOUBLE (Line Drive, 9LS, EV 101.3 MPH)
Justin Andrews scores
Batting: LHB Joe Green 0-0: Ball
1-0: Called Strike
1-1: Fly out, F8 (Line Drive, 89D, EV 92.5 MPH)
Bottom of the 4th over - 2 runs, 2 hits, 0 errors, 1 left on base; Aberdeen 0 - Staten Island 4
TOP OF THE 5TH
Aberdeen Ironbirds batting - Pitching for Staten Island Yankees : RHP Mike Impellizzeri
Batting: RHB Mike Sexton 0-0: Called Strike
0-1: Foul Ball, location: 2F
0-2: Ball
1-2: Strikes out swinging
Batting: RHB Jayden Shirley 0-0: Ball
1-0: Called Strike
1-1: Foul Ball, location: 2F
1-2: Foul Ball, location: 2F
1-2: Strikes out swinging
Batting: SHB Xavier Rios 0-0: Ground out 4-3 (Groundball, 4M, EV 78.8 MPH)
Top of the 5th over - 0 runs, 0 hits, 0 errors, 0 left on base; Aberdeen 0 - Staten Island 4
BOTTOM OF THE 5TH
Staten Island Yankees batting - Pitching for Aberdeen Ironbirds : RHP Juan Gonzalez
Batting: LHB Jake Monyak 0-0: SINGLE (Groundball, 4D, EV 110.0 MPH)
Batting: LHB Mike Peterson 0-0: Fielders Choice at 2nd, 1-6 (Groundball, 13S, EV 69.4 MPH)
Batting: RHB C.J. Burkholder 0-0: Called Strike
0-1: Ball
1-1: Grounds into double play, 5-4-3 (Groundball, 56, EV 83.8 MPH)
Bottom of the 5th over - 0 runs, 1 hit, 0 errors, 0 left on base; Aberdeen 0 - Staten Island 4
TOP OF THE 6TH
Aberdeen Ironbirds batting - Pitching for Staten Island Yankees : RHP Mike Impellizzeri
Batting: RHB Enrique Castaneda 0-0: Called Strike
0-1: Fly out, F6 (Popup, 6MS, EV 80.0 MPH)
Batting: SHB Juan Cidral 0-0: Called Strike
0-1: Swinging Strike
0-2: Ball
1-2: Ball
2-2: Fly out, F8 (Flyball, 8RD, EV 103.1 MPH)
Batting: RHB Rickey Beckon 0-0: Ball
1-0: Foul Ball, location: 2F
1-1: Swinging Strike
1-2: Foul Ball, location: 2F
1-2: Strikes out swinging
Top of the 6th over - 0 runs, 0 hits, 0 errors, 0 left on base; Aberdeen 0 - Staten Island 4
BOTTOM OF THE 6TH
Staten Island Yankees batting - Pitching for Aberdeen Ironbirds : RHP Juan Gonzalez
Batting: RHB Domingo Velarde 0-0: Ball
1-0: Ball
2-0: Ball
3-0: Called Strike
3-1: Ground out 5-3 (Groundball, 56S, EV 90.6 MPH)
Batting: RHB Robby Bridger 0-0: Ball
1-0: Ball
2-0: SINGLE (Line Drive, 7S, EV 105.6 MPH)
Batting: LHB Danny Batten 0-0: Called Strike
0-1: Fielders Choice at 2nd, 3-6 (Groundball, 3, EV 75.6 MPH)
Batting: RHB Justin Andrews 0-0: Called Strike
0-1: Fly out, F8 (Line Drive, 78M, EV 85.6 MPH)
Bottom of the 6th over - 0 runs, 1 hit, 0 errors, 1 left on base; Aberdeen 0 - Staten Island 4
TOP OF THE 7TH
Aberdeen Ironbirds batting - Pitching for Staten Island Yankees : RHP Mike Impellizzeri
Batting: RHB Darius Williams 0-0: Fly out, F7 (Flyball, 78M, EV 91.3 MPH)
Batting: RHB John Larsen 0-0: Ball
1-0: Swinging Strike
1-1: Ball
2-1: Called Strike
2-2: Ball
3-2: Ground out 5-3 (Groundball, 5L, EV 80.6 MPH)
Batting: RHB Jimmy Hesch 0-0: Called Strike
0-1: Ball
1-1: Foul Ball, location: 23FF
1-2: Ball
2-2: Foul Ball, location: 3DF
2-2: Ball
3-2: Base on Balls
Batting: RHB Mike Sexton 0-0: Foul Ball, location: 9LMF
0-1: Called Strike
0-2: Ball
1-2: Strikes out swinging
Top of the 7th over - 0 runs, 0 hits, 0 errors, 1 left on base; Aberdeen 0 - Staten Island 4
BOTTOM OF THE 7TH
Staten Island Yankees batting - Pitching for Aberdeen Ironbirds : RHP Juan Gonzalez
Batting: RHB Pat Lemley 0-0: DOUBLE (Line Drive, 9LS, EV 111.3 MPH)
Batting: LHB Joe Green 0-0: Ball
Pat Lemley steals 3rd base
1-0: Foul Ball, location: 3F
1-1: Ball
2-1: Ground out 6-3 (Groundball, 4MD, EV 99.4 MPH)
Pat Lemley scores
Pitching: LHP Daniel Abrego
Batting: LHB Jake Monyak 0-0: Ball
1-0: SINGLE (Flyball, 5D, EV 88.1 MPH)
Batting: LHB Mike Peterson 0-0: Called Strike
0-1: Foul Ball, location: 7LSF
0-2: Ball
1-2: Strikes out swinging
Batting: RHB C.J. Burkholder 0-0: Ball
1-0: Ball
2-0: Ball
3-0: Swinging Strike
3-1: Foul Ball, location: 3DF
3-2: Strikes out looking
Bottom of the 7th over - 1 run, 2 hits, 0 errors, 1 left on base; Aberdeen 0 - Staten Island 5
TOP OF THE 8TH
Aberdeen Ironbirds batting - Pitching for Staten Island Yankees : RHP Mike Impellizzeri
Batting: RHB Jayden Shirley 0-0: Hit by Pitch
Batting: SHB Xavier Rios 0-0: Called Strike
0-1: Fly out, F4 (Popup, 4S, EV 70.0 MPH)
Batting: RHB Enrique Castaneda 0-0: Called Strike
0-1: Hit by Pitch
Jayden Shirley to second
Batting: SHB Juan Cidral 0-0: Ball
1-0: Ball
2-0: Ball
3-0: Foul Ball, location: 3DF
3-1: Foul Ball, location: 7LDF
3-2: Base on Balls
Jayden Shirley to third
Enrique Castaneda to second
Pitching: RHP Gabriel Muniz
Pinch Hitting: RHB Ben Mazariego 0-0: Swinging Strike
0-1: Fly out, F4 (Popup, 4S, EV 81.9 MPH)
Pinch Hitting: RHB Ricardo Cabrera 0-0: Called Strike
0-1: Swinging Strike
0-2: Ball
1-2: Ground out 3-1 (Groundball, 34, EV 107.5 MPH)
Top of the 8th over - 0 runs, 0 hits, 0 errors, 3 left on base; Aberdeen 0 - Staten Island 5
BOTTOM OF THE 8TH
Staten Island Yankees batting - Pitching for Aberdeen Ironbirds : LHP Daniel Abrego
Now at 1B: Ben Mazariego
Now in LF: Ricardo Cabrera
Batting: RHB Domingo Velarde 0-0: Ball
1-0: Ball
2-0: Foul Ball, location: 9LMF
2-1: Called Strike
2-2: Ball
3-2: Strikes out swinging
Batting: RHB Robby Bridger 0-0: Ball
1-0: Foul Ball, location: 23F
1-1: Fly out, F7 (Flyball, 78M, EV 89.4 MPH)
Batting: LHB Danny Batten 0-0: Ball
1-0: Fly out, F7 (Flyball, 78M, EV 88.1 MPH)
Bottom of the 8th over - 0 runs, 0 hits, 0 errors, 0 left on base; Aberdeen 0 - Staten Island 5
TOP OF THE 9TH
Aberdeen Ironbirds batting - Pitching for Staten Island Yankees : RHP Gabriel Muniz
Batting: RHB John Larsen 0-0: Called Strike
0-1: Called Strike
0-2: SINGLE (Groundball, 2L, EV 68.1 MPH) (infield hit)
Batting: RHB Jimmy Hesch 0-0: Ball
1-0: Called Strike
1-1: Foul Ball, location: 2F
1-2: Ball
2-2: Ball
3-2: Strikes out swinging
Batting: RHB Mike Sexton 0-0: Called Strike
0-1: Ball
1-1: Called Strike
1-2: 2-RUN HOME RUN (Flyball, 7D, EV 97.5 MPH), Distance : 375 ft
Batting: RHB Jayden Shirley 0-0: Hit by Pitch
Batting: SHB Xavier Rios 0-0: Foul Ball, location: 5F
0-1: Ball
1-1: Foul Ball, location: 2F
1-2: Ball
2-2: Strikes out swinging
Pinch Hitting: RHB Zack Weidner 0-0: Ball
1-0: Fly out, F7 (Flyball, 78D, EV 87.5 MPH)
Top of the 9th over - 2 runs, 2 hits, 0 errors, 1 left on base; Aberdeen 2 - Staten Island 5
Monday, May 13th , 2024 - OOTP Baseball 24.11 Build 85